← All builds
Front / Armada / Economy first / OBSERVED BUILD

Standard front

Armada Front build order · Supreme Isthmus

Standard economy-first Front play: Bot Lab and Vehicle Plant up immediately, units trickle to the coast and middle, with an Advanced Metal Extractor around 9:00 as the eco transition.

#eco · 1699 distinct matches · 247 players · 74% of Armada Front games · team won 61% of 1993 · Recently observed

HOW TO PLAY IT

Key timing: T2 constructor by 7:43

  1. Open mex and wind, drop Bot Lab and Vehicle Plant almost immediately.
  2. Pump Blitz, Rocketeer and Pawn to the coast to stop leaks first.
  3. Add Centurion and Janus once first units are moving up.
  4. Form units into a line pushing toward middle as numbers grow.
  5. Upgrade to Advanced Metal Extractor as the economy transition kicks in.

Phase by phase

TYPICAL OF ITS 1699 GAMES
  1. 1
  2. 2
  3. 3
PLAY THE OPENING

Follow the example game's first 6:00 step by step: what to build now, what comes next, and where it goes. At 1× it keeps pace with your own game.

  1. 1

    Up to the Bot Lab

    Economy
    • Metal Extractor2Mex
    Order
    1. Bot LabBot Lab after 2 mex, 1 winddone ~0:44, middle half 0:33–0:54

    Some games also: wind (48%) · Vehicle Plant (35%)

    By 0:28 in all: 2 mex

    The example game in this phase · 3 steps
    1. Mex ×2
    2. Solar
    3. Vehicle PlantVehicle Plantdone 0:44 · typical 0:47
  2. 2

    Bot Lab to 5:00

    Economy
    • Metal Extractor4Mex
    • Wind Turbine3Wind
    Builders
    • Construction Bot1 Con bot
    Army
    • Sentry1 Sentry
    • Rocketeer6 Rocketeer

    Some games also: Lazarus (49%) · tick (46%) · centurion (40%) · con vehicle (32%) · janus (32%)

    By 5:00 in all: 6 mex · 6 wind

    The example game in this phase · 29 steps
    1. RoverScout
    2. Wind
    3. RoverScout
    4. Wind
    5. Construction VehicleCon vehicle
    6. StoutStout
    7. Mex
    8. Wind
    9. JanusJanus
    10. Mex
    11. RoverScout
    12. Construction VehicleCon vehicle
    13. Mex
    14. StoutStout
    15. JanusJanus
    16. Mex
    17. Construction VehicleCon vehicle
    18. JanusJanus
    19. SentrySentry
    20. ShellshockerArty
    21. WhistlerMissile truck
    22. ShellshockerArty
    23. Construction VehicleCon vehicle
    24. JanusJanus
    25. Construction VehicleCon vehicle
    26. ShellshockerArty
    27. WhistlerMissile truck
    28. ShellshockerArty ×2
    29. StoutStout
  3. 3

    5:00 to 10:00

    Economy
    • Metal Extractor1Mex
    • Wind Turbine14Wind
    Builders
    • Construction Turret2 Con turret
    Army
    • Sentry1 Sentry

    Some games also: rocketeer (46%) · energy storage (43%) · Lazarus (38%) · con bot (37%) · Radar Tower (36%)

    By 10:00 in all: 7 mex · 24 wind · 1 energy storage · 3 con turret

    The example game in this phase · 122 steps
    1. JanusJanus
    2. WhistlerMissile truck
    3. JanusJanus
    4. StoutStout
    5. JanusJanus
    6. Con turret
    7. JanusJanus
    8. ShellshockerArty
    9. Advanced Metal ExtractorT2 mexdone 8:06 · typical 9:01
    10. ShellshockerArty
    11. StoutStout
    12. WhistlerMissile truck
    13. ShellshockerArty
    14. Wind ×2
    15. ShellshockerArty
    16. WhistlerMissile truck
    17. Wind ×2
    18. ShellshockerArty
    19. Advanced Metal ExtractorT2 mex
    20. Wind
    21. JanusJanus ×2
    22. Wind
    23. BlitzBlitz ×4
    24. Wind
    25. Advanced Metal ExtractorT2 mex
    26. BlitzBlitz
    27. Wind
    28. BlitzBlitz
    29. Wind
    30. BlitzBlitz
    31. Wind
    32. BlitzBlitz ×2
    33. Wind
    34. BlitzBlitz
    35. Wind
    36. BlitzBlitz ×2
    37. Wind
    38. BlitzBlitz
    39. Wind
    40. BlitzBlitz
    41. Wind ×2
    42. BlitzBlitz
    43. Wind
    44. BlitzBlitz
    45. Wind
    46. BlitzBlitz
    47. Wind
    48. Energy storage
    49. BlitzBlitz
    50. Advanced Metal ExtractorT2 mex
    51. BlitzBlitz ×2
    52. Con turret
    53. Wind
    54. Converter
    55. BlitzBlitz
    56. Wind
    57. Converter
    58. BlitzBlitz
    59. Wind
    60. Converter ×2
    61. Advanced Metal ExtractorT2 mex
    62. Wind
    63. Con turret
    64. Converter
    65. Wind
    66. Con turret
    67. Converter
    68. Wind
    69. Converter
    70. Wind
    71. Converter ×2
    72. Energy storage
    73. Converter ×2
    74. Advanced solar
    75. Converter
    76. Wind
    77. Converter
    78. Wind
    79. Con turret
    80. Converter
    81. Wind
    82. Advanced Metal ExtractorT2 mex
    83. Wind ×2
    84. Construction VehicleCon vehicle
    85. Converter
    86. Wind
    87. Con turret
    88. Wind ×3
    89. Radar TowerRadar Tower
    90. Wind
    91. BeamerBeamer
    92. Wind
    93. Sneaky PeteSneaky Pete
    94. Wind ×2
    95. Advanced solar
    96. Wind
    97. BeamerBeamer
    98. Con turret
    99. Wind
    100. Con turret
    101. Wind
    102. Con turret
    103. Pit BullPit Bull
    104. Advanced solar
    105. Wind
    106. Con turret
    107. BeamerBeamer ×2
    108. Wind
    109. Con turret
    110. Wind ×2
    111. Con turret
    112. Wind ×2
    113. BeamerBeamer
    114. Wind ×2
    115. PulsarPulsarnot finished by 15:00
    116. BeamerBeamer
    117. Wind ×2
    118. Advanced solar
    119. BeamerBeamer ×2
    120. Wind
    121. Energy storage
    122. BeamerBeamer

Counts are medians over the build's games: half of them build more, half fewer. The example game is Kharis's (46 OS, 13/10/2026); pick another.

Team trades

IN AT LEAST 30% OF ITS GAMES

You hand over

Nothing regular.

You get

  • Tidal Generator4 Tidal from Pondfirst at 0:17 · in 68% of games
  • Advanced Construction Bot1 T2 con bot from Geo or Techfirst at 7:23 · in 64% of games

How it plays out

Typical game of this build, running totals by minute

Metal produced

010k20k30k
0:005:0010:0015:00

metal

Enemy metal destroyed

05k10k
0:005:0010:0015:00

metal

Own metal lost

05k10k
0:005:0010:0015:00

metal

1993 games.

Show as table
ByMetal produced: This buildEnemy metal destroyed: This buildOwn metal lost: This build
1:0033300
2:008402131
3:001618135108
4:002699522333
5:0038471127787
6:00503519231427
7:00624927142302
8:00753435443173
9:00897343264069
10:001053850054807
11:001237355335547
12:001452759766408
13:001685764686999
14:001922071637826
15:002185478688687
WHAT THE NUMBERS SAY

Standard Front play wins more often than Suicide front and produces more metal by 15:00 while losing less of it.

  • + Metal produced reaches 22627 by 15:00, well above Suicide front's 20142.
  • + Own metal lost is 8944 by 15:00, lower than enemy metal destroyed ratio of Suicide front.
  • − First unit lost already at 1:43, showing exposure despite the safer position.
  • − Blitz dominates army share at 25%, leaving fewer Centurion for anti-swarm.
THE EXAMPLE YOU ARE READING

Kharis

46.4 OS · 13/10/2026

Open source match ↗

7 received units · includes a constructor
0 metal received · 82988 energy received

Allied construction assistance is unknown. Timings are observations, not a promise of solo reproducibility.

Typical milestones

Bot Lab0:44Middle 50%: 0:33–0:54 · n=1331
Vehicle Plant0:47Middle 50%: 0:41–1:14 · n=1285
Advanced Metal Extractor9:01Middle 50%: 8:09–10:15 · n=1563

Played most by

haaven107games of this buildHummell107games of this buildLeohvm93games of this buildTheGeneraI75games of this buildXad69games of this build